 Dungeon Crawl Stone Soup version 0.30-a0-808-g6e0788376e (webtiles) character file.

Game seed: 15632129614832294441

181 demibob the Poker (level 5, 0/38 HPs)
             Began as a Demonspawn Gladiator on Feb 25, 2023.
             Was a Believer of Dithmenos.
             Killed from afar by a steam dragon (10 damage)
             ... with a ball of steam
             ... on level 4 of the Dungeon.
             The game lasted 00:03:05 (2612 turns).

demibob the Poker (Demonspawn Gladiator)            Turns: 2612, Time: 00:03:05

Health: 0/38       AC:  6    Str: 12 (14) XL:     5   Next: 34%
Magic:  5/5        EV: 12    Int:  7 (9)  God:    Dithmenos [**....]
Gold:   142        SH:  0    Dex: 14 (17) Spells: 4/4 levels left

rFire   . . .      SeeInvis .    a - +0 trident (drain)
rCold   . . .      Faith    .    (no shield)
rNeg    . . .      Spirit   .    b - +0 leather armour
rPois   .          Reflect  .    (helmet restricted)
rElec   .          Harm     .    (no cloak)
rCorr   .          Rampage  .    i - +0 pair of gloves
Will    +....                    (no boots)
Stlth   +                        n - amulet of regeneration
HPRegen 1.06/turn                W - ring of willpower
MPRegen 0.09/turn                (no ring)

@: wreathed by umbra
A: antennae 1, thin metallic scales 1, foul stench 1, powered by pain 1
a: Renounce Religion, Shadow Step


You were on level 4 of the Dungeon.
You worshipped Dithmenos.
Dithmenos was pleased with you.
You visited 1 branch of the dungeon, and saw 4 of its levels.

You collected 142 gold pieces.


Innate Abilities, Weirdness & Mutations

You have a pair of small antennae on your head.
You are partially covered in thin metallic scales. (AC +2)
You may rarely emit foul miasma when damaged in melee.
You sometimes gain a little power by taking damage.


   Skills:
 - Level 2.0 Fighting
 * Level 5.5 Polearms
 - Level 1.7 Throwing
 - Level 2.6 Dodging
 + Level 0.0 Stealth


You had 4 spell levels left.
You didn't know any spells.
Your spell library contained the following spells:

 Spells                   Type           Power      Damage    Failure   Level
 Apportation              Tloc           0%         N/A       52%         1
 Alistair's Intoxication  Tmut/Pois      0%         N/A       100%        5

Inventory:

Hand Weapons
 a - a +0 trident of draining (weapon)
Missiles
 d - 3 throwing nets (quivered) {=f}
 e - a javelin
Armour
 b - a +0 leather armour (worn)
 i - a +0 pair of gloves (worn)
Jewellery
 n - an amulet of regeneration (around neck)
 W - a ring of willpower (left hand)
Wands
 f - a wand of charming (7)
Scrolls
 q - a scroll of fear
Potions
 c - 2 potions of curing {unknown}
 g - a potion of degeneration
 h - a potion of flight {unknown}
 j - a potion of brilliance {unknown}
 k - 2 potions of lignification {unknown}
 l - a potion of heal wounds {unknown}
 p - 2 potions of invisibility {unknown}

Dungeon Overview and Level Annotations

Branches:
Dungeon (4/15)
 Temple: D:4-7

Altars:
Dithmenos

.. ...
...#######
....#.#..#
....... ###
#...# #....
##.@##......
#.D§<§..§...
#...##.§§....
#.... .......
.......
.......
#......
.......
#......
...##..
##..... ....
. #.....
.#...


You could see a steam dragon (catching breath, drained).


Message History

You climb downwards.
There is a stone staircase leading up here.
There are monsters nearby!
There are monsters nearby!
You reach to attack!
The helpless endoplasm fails to defend itself.
You puncture the endoplasm!
You kill the endoplasm!
Dithmenos accepts your kill.
You reach to attack!
The helpless steam dragon fails to defend itself.
You hit the steam dragon but do no damage.
You puncture the steam dragon! You drain the steam dragon.
The steam dragon is heavily wounded.
The steam dragon breathes steam at you. The ball of steam hits you!
You closely miss the steam dragon.
The steam dragon is heavily wounded.
You are engulfed in a cloud of scalding steam.
* * * LOW HITPOINT WARNING * * *
The steam dragon misses you. x2
The steam dragon bites you.
* * * LOW HITPOINT WARNING * * *
The steam dragon closely misses you.
It was a potion of degeneration.
There was something very wrong with that liquid.
You feel weakened.
You feel dopey.
You feel clumsy. The steam dragon breathes steam at you.
The ball of steam hits you!
You die...

Skill      XL: |  1  2  3  4 |
---------------+-------------+-----
Polearms       | 3 4 5 |  5.5
Fighting       | |  2.0
Throwing       | |  1.7
Dodging        | |  2.6

Action                     |  1- 3 |  4- 6 || total
---------------------------+-------+-------++-------
  Melee: Trident           |   133 |    62 ||   195
         Punch             |     1 |       ||     1
    Use: Scroll            |     3 |     2 ||     5
         Potion            |       |     1 ||     1
   Stab: Sleeping          |     3 |     6 ||     9
         Distracted        |       |     1 ||     1
 Armour: Leather armour    |    27 |     8 ||    35
  Dodge: Dodged            |    57 |    29 ||    86

Levels and vault maps discovered:
D:1:      matt_arrival_grand_opening, layout_basic,
          shapermc_ecumenical_altar_mp_urbaneastern
D:2:      layout_loops_ring, eino_tiny_chamber, kennysheep_generic_room_5
D:3:      cheibrodos_fertilizer, layout_loops_ring, nicolae_elevator_lobby_plus,
          uniq_natasha
D:4:      layout_cave_pools, minmay_temple_entry_sparse_star,
          minmay_hollow_rounded_squares

Notes
Turn   | Place    | Note
-------+----------+-------------------------------------------
     0 | D:1      | demibob the Demonspawn Gladiator began the quest for the
                  | Orb.
     0 | D:1      | Reached XP level 1. HP: 16/16 MP: 1/1
   156 | D:1      | Reached skill level 3 in Polearms
   234 | D:1      | Gained mutation: You have a pair of small antennae on your
                  | head. [demonic ancestry]
   234 | D:1      | Reached XP level 2. HP: 19/22 MP: 2/2
   284 | D:1      | Found a faded altar of an unknown god.
  1136 | D:1      | Prayed at the altar of an unknown god.
  1136 | D:1      | Became a worshipper of Dithmenos the Shadowed
  1136 | D:1      | Reached * piety under Dithmenos
  1214 | D:2      | Gained mutation: You may rarely emit foul miasma when
                  | damaged in melee. [demonic ancestry]
  1214 | D:2      | Reached XP level 3. HP: 27/27 MP: 3/3
  1333 | D:2      | Reached skill level 4 in Polearms
  1685 | D:2      | Reached ** piety under Dithmenos
  1944 | D:3      | Noticed Natasha
  1956 | D:3      | Killed Natasha
  1957 | D:3      | Gained mutation: You are partially covered in thin metallic
                  | scales. (AC +2) [demonic ancestry]
  1957 | D:3      | Reached XP level 4. HP: 33/33 MP: 4/4
  2111 | D:3      | Noticed Natasha
  2166 | D:3      | Killed Natasha
  2167 | D:3      | Reached skill level 5 in Polearms
  2419 | D:3      | Gained mutation: You sometimes gain a little power by
                  | taking damage. [demonic ancestry]
  2419 | D:3      | Reached XP level 5. HP: 38/38 MP: 5/5
  2605 | D:4      | Noticed a steam dragon
  2612 | D:4      | Killed from afar by a steam dragon

Vanquished Creatures
  A jelly (D:3)
  Natasha (twice) (D:3)
  2 adders
  3 worms
  3 dart slugs
  2 ball pythons
  6 bats
  16 endoplasms
  A giant cockroach (D:1)
  6 goblins
  3 hobgoblins
  13 kobolds
  A quokka (D:1)
  6 frilled lizards
  5 rats
70 creatures vanquished.

Vanquished Creatures (others)
  5 fungi (D:3)
  5 toadstools (D:3)
10 creatures vanquished.

Grand Total: 80 creatures vanquished

Table legend: (Time is in decaauts)
 A = Elapsed time spent in this place.
 B = Non-inter-level travel time spent in this place.
 C = Inter-level travel time spent in this place.
 D = Time resting spent in this place.
 E = Time spent auto-exploring this place.
 F = Levels seen in this place.
 G = Mean time per level.
                   A        B        C        D        E       F      G
               +--------+--------+--------+--------+--------+-----+--------+
         Total |   2628 |   2504 |    124 |      0 |   2048 |   4 |  657.0 |
       Dungeon |   2628 |   2504 |    124 |      0 |   2048 |   4 |  657.0 |
               +--------+--------+--------+--------+--------+-----+--------+

Top non-repeatable levels by time:
     D:1: 1166 daAuts
     D:3: 807 daAuts
     D:2: 647 daAuts
     D:4: 7 daAuts

Table legend:
 A = Non-vault XP
 B = Vault XP
 C = Vault XP percentage of total XP
 D = Non-vault monster count
 E = Vault monster count
 F = Vault count percentage of total count
                 A         B        C        D         E       F
            +---------+---------+-------+---------+---------+-------
      Total |     155 |     104 |  40.2 |      52 |      18 |  25.7
            +---------+---------+-------+---------+---------+-------
        D:1 |      37 |       0 |   0.0 |      20 |       0 |   0.0
        D:2 |      46 |       2 |   4.2 |      18 |       2 |  10.0
        D:3 |      70 |     102 |  59.3 |      13 |      16 |  55.2
        D:4 |       2 |       0 |   0.0 |       1 |       0 |   0.0
            +---------+---------+-------+---------+---------+-------
